|
||||||||||||||||||||||||||||||||||||||||||||||||||||||||||
| ||||||||||||||||||||||||||||||||||||||||||||||||||||||||||
| Bottom of the 2nd over - 0 runs, 0 hits, 0 errors, 0 left on base; Charlotte 0 - Scranton WB 0 | ||||||||||||||||||||||||||||||||||||||||||||||||||||||||||
| TOP OF THE 3RD | |
|---|---|
| Charlotte Knights batting - Pitching for Scranton WB RailRiders : LHP Nick Turner | |
| Batting: RHB Steve Waltenbery |
0-0: Called Strike 0-1: Ball 1-1: SINGLE (Groundball, 13S, EV 66.2 MPH) (infield hit) |
| Batting: LHB John Thurman |
0-0: Ball 1-0: SINGLE (Groundball, 4S, EV 72.5 MPH) (infield hit) Steve Waltenbery to second |
| Batting: RHB Jeremy Hoffert |
0-0: Ball 1-0: Foul Ball, location: 2F 1-1: Swinging Strike 1-2: Grounds into double play, 6-4-3 (Groundball, 6, EV 82.5 MPH) Steve Waltenbery to third |
| Batting: RHB Josiah Wright |
0-0: Ball 1-0: Swinging Strike 1-1: Ball 2-1: Ball 3-1: Base on Balls |
| Batting: RHB Manny Mendoza |
0-0: SINGLE (Line Drive, 56D, EV 95.6 MPH) Steve Waltenbery scores Josiah Wright to second Runner from 2nd tries for 3rd, SAFE, throw by LF made to third |
| Batting: RHB Micah Brown |
0-0: Called Strike 0-1: Swinging Strike 0-2: Ball 1-2: Strikes out swinging |
| Top of the 3rd over - 1 run, 3 hits, 0 errors, 2 left on base; Charlotte 1 - Scranton WB 0 | |
| BOTTOM OF THE 3RD | |
|---|---|
| Scranton WB RailRiders batting - Pitching for Charlotte Knights : RHP Brett Kitchen | |
| Batting: SHB Jose Vargas | 0-0: Ground out 4-3 (Groundball, 4M, EV 105.0 MPH) |
| Batting: RHB Alfredo Rodriguez |
0-0: Ball 1-0: Called Strike 1-1: Foul Ball, location: 2F 1-2: Foul Ball, location: 2F 1-2: Ball 2-2: Ball 3-2: Foul Ball, location: 2F 3-2: Fly out, F8 (Flyball, 8LD, EV 78.1 MPH) |
| Batting: RHB Andy Wasierski |
0-0: Ball 1-0: Ball 2-0: Called Strike 2-1: Ball 3-1: Foul Ball, location: 2F 3-2: Fly out, F9 (Flyball, 89D, EV 100.6 MPH) |
| Bottom of the 3rd over - 0 runs, 0 hits, 0 errors, 0 left on base; Charlotte 1 - Scranton WB 0 | |
| TOP OF THE 4TH | |
|---|---|
| Charlotte Knights batting - Pitching for Scranton WB RailRiders : LHP Nick Turner | |
| Batting: SHB Jose Castillo | 0-0: Ground out 4-3 (Groundball, 4, EV 85.6 MPH) |
| Batting: SHB Josh Conner |
0-0: Swinging Strike 0-1: Foul Ball, location: 2F 0-2: Strikes out swinging |
| Batting: RHB Kikuo Sato |
0-0: Called Strike 0-1: SINGLE (Line Drive, 9S, EV 95.0 MPH) |
| Batting: RHB Steve Waltenbery |
0-0: Called Strike 0-1: Ball 1-1: Foul Ball, location: 2F 1-2: Foul Ball, location: 2F 1-2: Foul Ball, location: 2F 1-2: Strikes out looking |
| Top of the 4th over - 0 runs, 1 hit, 0 errors, 1 left on base; Charlotte 1 - Scranton WB 0 | |
| BOTTOM OF THE 4TH | |
|---|---|
| Scranton WB RailRiders batting - Pitching for Charlotte Knights : RHP Brett Kitchen | |
| Batting: RHB Josh Zoglmann |
0-0: Called Strike 0-1: Ball 1-1: Foul Ball, location: 2F 1-2: Strikes out swinging |
| Batting: LHB Aaron Joyner |
0-0: Ball 1-0: Ball 2-0: Ball 3-0: Base on Balls |
| Batting: RHB Devon Utley |
0-0: Called Strike 0-1: Ball 1-1: Ground out 6-3 (Groundball, P, EV 86.9 MPH) Aaron Joyner to second |
| Batting: RHB Jerry Castro |
0-0: Ball 1-0: Called Strike 1-1: Ball 2-1: Ball 3-1: Base on Balls |
| Batting: SHB Joe Fure |
0-0: Ball 1-0: Called Strike 1-1: Ball 2-1: Foul Ball, location: 2F 2-2: Foul Ball, location: 2F 2-2: Foul Ball, location: 2F 2-2: Ball 3-2: Fly out, F8 (Flyball, 8RM, EV 94.4 MPH) |
| Bottom of the 4th over - 0 runs, 0 hits, 0 errors, 2 left on base; Charlotte 1 - Scranton WB 0 | |
| TOP OF THE 5TH | |
|---|---|
| Charlotte Knights batting - Pitching for Scranton WB RailRiders : LHP Nick Turner | |
| Batting: LHB John Thurman |
0-0: Ball 1-0: DOUBLE (Line Drive, 9LM, EV 98.8 MPH) |
| Batting: RHB Jeremy Hoffert |
0-0: Ball 1-0: Ball 2-0: SINGLE (Groundball, 5L, EV 103.8 MPH) (infield hit) John Thurman to third |
| Batting: RHB Josiah Wright |
0-0: Called Strike 0-1: Ball 1-1: Ball 2-1: Ball 3-1: Fly out, F8 (Flyball, 8RM, EV 88.1 MPH) Runner from 3rd tags up, SCORES, throw by CF |
| Batting: RHB Manny Mendoza |
0-0: Called Strike Jeremy Hoffert steals 2nd base (no throw) 0-1: Called Strike 0-2: Ball 1-2: Strikes out swinging |
| Batting: RHB Micah Brown |
0-0: Called Strike 0-1: Ball 1-1: SINGLE (Flyball, 9LS, EV 87.5 MPH) Jeremy Hoffert to third Runner from 3rd tries for Home, SAFE, throw by RF to home Micah Brown to second |
| Batting: SHB Jose Castillo |
0-0: SINGLE (Groundball, 6MD, EV 94.4 MPH) Micah Brown to third Runner from 3rd tries for Home, SAFE, throw by CF to home Jose Castillo to second |
| Batting: SHB Josh Conner |
0-0: Called Strike 0-1: Swinging Strike 0-2: Foul Ball, location: 2F 0-2: Ball 1-2: Foul Ball, location: 2F 1-2: Ball 2-2: Foul Ball, location: 2F 2-2: Ball 3-2: Base on Balls |
| Batting: RHB Kikuo Sato |
0-0: Foul Ball, location: 2F 0-1: Fielders Choice at 2nd, U6 (Groundball, 6M, EV 105.0 MPH) |
| Top of the 5th over - 3 runs, 4 hits, 0 errors, 2 left on base; Charlotte 4 - Scranton WB 0 | |
| BOTTOM OF THE 5TH | |
|---|---|
| Scranton WB RailRiders batting - Pitching for Charlotte Knights : RHP Brett Kitchen | |
| Batting: SHB Ryan Buchbinder | 0-0: Ground out 4-3 (Groundball, 4, EV 83.8 MPH) |
| Batting: SHB Jose Vargas |
0-0: Swinging Strike 0-1: Reached on error, E1 (Groundball, 15S, EV 75.0 MPH) |
| Batting: RHB Alfredo Rodriguez |
0-0: Ground out 6-3 (Groundball, 6, EV 82.5 MPH) Jose Vargas to third |
| Batting: RHB Andy Wasierski |
0-0: Ball 1-0: Called Strike 1-1: Ball 2-1: Foul Ball, location: 2F 2-2: Ground out 3-1 (Groundball, 34, EV 105.0 MPH) |
| Bottom of the 5th over - 0 runs, 0 hits, 1 error, 1 left on base; Charlotte 4 - Scranton WB 0 | |
| TOP OF THE 6TH | |
|---|---|
| Charlotte Knights batting - Pitching for Scranton WB RailRiders : LHP Nick Turner | |
| Batting: RHB Steve Waltenbery | 0-0: SOLO HOME RUN (Flyball, 7LD, EV 96.2 MPH), Distance : 340 ft |
| Batting: LHB John Thurman | 0-0: SINGLE (Line Drive, 7S, EV 91.2 MPH) |
| Pitching: RHP Devon Wiley | |
| Batting: RHB Jeremy Hoffert |
0-0: Called Strike John Thurman is caught stealing 2nd base 2-4 0-1: Foul Ball, location: 2F 0-2: Strikes out swinging |
| Batting: RHB Josiah Wright | 0-0: SINGLE (Line Drive, 8RS, EV 108.1 MPH) |
| Batting: RHB Manny Mendoza |
Balk! Josiah Wright to second 0-0: Called Strike 0-1: Ball 1-1: Foul Ball, location: 2F 1-2: Ball 2-2: Foul Ball, location: 2F 2-2: Ball 3-2: Ground out 4-3 (Groundball, 4, EV 91.2 MPH) |
| Top of the 6th over - 1 run, 3 hits, 0 errors, 1 left on base; Charlotte 5 - Scranton WB 0 | |
| BOTTOM OF THE 6TH | |
|---|---|
| Scranton WB RailRiders batting - Pitching for Charlotte Knights : RHP Brett Kitchen | |
| Batting: RHB Josh Zoglmann | 0-0: DOUBLE (Line Drive, 9LS, EV 102.5 MPH) |
| Batting: LHB Aaron Joyner |
0-0: Ball 1-0: Foul Ball, location: 2F 1-1: Foul Ball, location: 2F 1-2: Ground out 6-3 (Groundball, 6M, EV 98.1 MPH) Josh Zoglmann to third |
| Batting: RHB Devon Utley |
0-0: Ball 1-0: Ball 2-0: Called Strike 2-1: Swinging Strike 2-2: Foul Ball, location: 2F 2-2: Strikes out swinging |
| Batting: RHB Jerry Castro |
0-0: Ball 1-0: Called Strike 1-1: Swinging Strike 1-2: Ball 2-2: Ground out 4-3 (Groundball, 34D, EV 91.9 MPH) |
| Bottom of the 6th over - 0 runs, 1 hit, 0 errors, 1 left on base; Charlotte 5 - Scranton WB 0 | |
| TOP OF THE 7TH | |
|---|---|
| Charlotte Knights batting - Pitching for Scranton WB RailRiders : RHP Devon Wiley | |
| Batting: RHB Micah Brown |
0-0: Called Strike 0-1: Ball 1-1: Ball 2-1: Foul Ball, location: 2F 2-2: Ball 3-2: Strikes out swinging |
| Batting: SHB Jose Castillo |
0-0: Ball 1-0: Foul Ball, location: 2F 1-1: Called Strike 1-2: Ball 2-2: Foul Ball, location: 2F 2-2: Strikes out swinging |
| Batting: SHB Josh Conner |
0-0: Ball 1-0: Ball 2-0: Foul Ball, location: 2F 2-1: Called Strike 2-2: Strikes out swinging |
| Top of the 7th over - 0 runs, 0 hits, 0 errors, 0 left on base; Charlotte 5 - Scranton WB 0 | |
| BOTTOM OF THE 7TH | |
|---|---|
| Scranton WB RailRiders batting - Pitching for Charlotte Knights : RHP Brett Kitchen | |
| Batting: SHB Joe Fure |
0-0: Ball 1-0: Called Strike 1-1: Foul Ball, location: 2F 1-2: Fly out, F9 (Flyball, 89S, EV 71.9 MPH) |
| Pitching: LHP Juan Fuentes | |
| Batting: SHB Ryan Buchbinder |
0-0: Foul Ball, location: 2F 0-1: Called Strike 0-2: Strikes out swinging |
| Batting: SHB Jose Vargas |
0-0: Ball 1-0: Called Strike 1-1: Ground out 4-3 (Groundball, 4, EV 98.8 MPH) |
| Bottom of the 7th over - 0 runs, 0 hits, 0 errors, 0 left on base; Charlotte 5 - Scranton WB 0 | |
| TOP OF THE 8TH | |
|---|---|
| Charlotte Knights batting - Pitching for Scranton WB RailRiders : RHP Devon Wiley | |
| Batting: RHB Kikuo Sato |
0-0: Ball 1-0: Hit by Pitch |
| Batting: RHB Steve Waltenbery |
0-0: Ball Kikuo Sato steals 2nd base 1-0: Called Strike 1-1: Ball 2-1: Foul Ball, location: 2F 2-2: Ground out 5-3 (Groundball, 56, EV 103.8 MPH) |
| Pitching: RHP Ray Richards | |
| Batting: LHB John Thurman |
0-0: Called Strike 0-1: Ball 1-1: Called Strike 1-2: Ball 2-2: Ball 3-2: Ground out U3 (Groundball, 13, EV 93.1 MPH) Kikuo Sato to third |
| Batting: RHB Jeremy Hoffert |
0-0: Ball Wild Pitch! Kikuo Sato scores 1-0: Called Strike 1-1: Swinging Strike 1-2: Strikes out looking |
| Top of the 8th over - 1 run, 0 hits, 0 errors, 0 left on base; Charlotte 6 - Scranton WB 0 | |
| BOTTOM OF THE 8TH | |
|---|---|
| Scranton WB RailRiders batting - Pitching for Charlotte Knights : LHP Juan Fuentes | |
| Batting: RHB Alfredo Rodriguez |
0-0: Called Strike 0-1: Called Strike 0-2: Ball 1-2: Ground out 6-3 (Groundball, 6, EV 89.4 MPH) |
| Batting: RHB Andy Wasierski |
0-0: Ball 1-0: Ball 2-0: Ground out 6-3 (Groundball, 6, EV 81.2 MPH) |
| Batting: RHB Josh Zoglmann |
0-0: Ball 1-0: Swinging Strike 1-1: SINGLE (Groundball, 4D, EV 98.1 MPH) |
| Batting: LHB Aaron Joyner |
0-0: Ball 1-0: Ball 2-0: Ball 3-0: Base on Balls Josh Zoglmann to second |
| Batting: RHB Devon Utley |
0-0: Foul Ball, location: 2F 0-1: Ball 1-1: Foul Ball, location: 2F 1-2: SINGLE (Groundball, 56D, EV 97.5 MPH) Josh Zoglmann to third Aaron Joyner to second Runner from 3rd tries for Home, throw by LF and OUT! 7-2 |
| Bottom of the 8th over - 0 runs, 2 hits, 0 errors, 2 left on base; Charlotte 6 - Scranton WB 0 | |
| TOP OF THE 9TH | |
|---|---|
| Charlotte Knights batting - Pitching for Scranton WB RailRiders : RHP Ray Richards | |
| Batting: RHB Josiah Wright |
0-0: Called Strike 0-1: Fly out, F8 (Flyball, 8RD, EV 102.5 MPH) |
| Batting: RHB Manny Mendoza |
0-0: Swinging Strike 0-1: Ball 1-1: Ball 2-1: Ball 3-1: Swinging Strike 3-2: Strikes out swinging |
| Batting: RHB Micah Brown |
0-0: Called Strike 0-1: Ball 1-1: Foul Ball, location: 2F 1-2: Strikes out looking |
| Top of the 9th over - 0 runs, 0 hits, 0 errors, 0 left on base; Charlotte 6 - Scranton WB 0 | |
| BOTTOM OF THE 9TH | |
|---|---|
| Scranton WB RailRiders batting - Pitching for Charlotte Knights : LHP Juan Fuentes | |
| Now in LF: Mike Savage | |
| Batting: RHB Jerry Castro |
0-0: Foul Ball, location: 2F 0-1: Swinging Strike 0-2: Ball 1-2: Strikes out looking |
| Pitching: LHP Silas Chartier | |
| Batting: SHB Joe Fure |
0-0: Called Strike 0-1: Called Strike 0-2: Foul Ball, location: 2F 0-2: Ball 1-2: DOUBLE (Groundball, 5L, EV 108.1 MPH) |
| Batting: SHB Ryan Buchbinder |
0-0: Called Strike 0-1: Called Strike 0-2: Strikes out swinging |
| Batting: SHB Jose Vargas |
0-0: Ball 1-0: Ground out 6-3 (Groundball, 6, EV 85.6 MPH) |
| Bottom of the 9th over - 0 runs, 1 hit, 0 errors, 1 left on base; Charlotte 6 - Scranton WB 0 | |

| Sunday, July 16th , 2023 - OOTP Baseball 24.6 Build 69 |